 Dungeon Crawl Stone Soup version 0.18-a0-1730-g73f0523 (webtiles) character file.

126 4thArraOfDagon the Chopper (level 5, -1/42 HPs)
             Began as a Hill Orc Berserker on Apr 10, 2016.
             Was a Follower of Trog.
             Slain by an orc wizard
             ... wielding a +4 dagger of protection
              (5 damage)
             ... on level 5 of the Dungeon.
             The game lasted 00:01:45 (310 turns).

4thArraOfDagon the Chopper (Hill Orc Berserker)      Turns: 310, Time: 00:01:46

Health: -1/42      AC:  6    Str: 21    XL:     5   Next: 10%
Magic:  5/5        EV: 10    Int:  7    God:    Trog [*.....]
Gold:   47         SH:  0    Dex: 10    Spells: 0 memorised, 4 levels left

rFire  + + .     SeeInvis .     a - +0 hand axe
rCold  . . .     Gourm    .     e - +0 scale mail
rNeg   . . .     Faith    .     (no shield)
rPois  .         Spirit   .     (no helmet)
rElec  .         Dismiss  .     (no cloak)
rCorr  .         Reflect  .     (no gloves)
SustAt .         Harm     .     (no boots)
MR     .....                    (no amulet)
Stlth  ..........               (no ring)
                                d - ring of protection from fire

@: exhausted, flying, slowed, very slow, not resistant to hostile enchantments,
extremely unstealthy
A: talons 1, fire resistance 1, frail 1
a: Berserk, Burn Spellbooks, Renounce Religion


You were on level 5 of the Dungeon.
You worshipped Trog.
Trog was aware of your devotion.
You were very hungry.

You visited 1 branch of the dungeon, and saw 5 of its levels.

You collected 47 gold pieces.

Inventory:

Hand Weapons
 a - a +0 hand axe (weapon)
Armour
 e - a +0 scale mail (worn)
Jewellery
 d - a ring of protection from fire (left hand)
Scrolls
 g - 2 scrolls of identify {unknown}
 i - a scroll of recharging {unknown}
 l - a scroll of remove curse {unknown}
Comestibles
 b - a meat ration
 c - 2 bread rations
 f - 2 chunks of flesh


   Skills:
 + Level 4.5 Fighting
 * Level 6.1 Axes
 + Level 3.1 Armour
 - Level 1.5 Dodging


You had 4 spell levels left.
You didn't know any spells.

Dungeon Overview and Level Annotations

Branches:
Dungeon (5/15)
 Temple: D:4-7

Altars:
Xom


Innate Abilities, Weirdness & Mutations

You have sharp toenails.
Your flesh is heat resistant.
You are frail (-10% HP).


Message History

You closely miss something.
Unknown command.
You closely miss the orc wizard.
You claw the orc wizard, but do no damage.
The orc wizard is almost dead.
The orc wizard casts a spell.
The orc wizard blinks!
Something hits you but does no damage. x2
Unknown command.
You miss something.
The orc wizard casts a spell.
The orc wizard blinks!
You hear some strange, mumbled words.
A puff of flame appears from out of thin air!
The puff of flame hits you! You resist.
* * * LOW HITPOINT WARNING * * *
Something hits you but does no damage.
Unknown command.
Unknown command.
You barely miss something. You claw something. Something hits you.
You die...

##8# ########...
#########...#......
. #...##.....#####
#.#...##..........
#.###.......($####
#...#.#.....#.#
###...#..#..#.#
#......#.##.#..
#@####...##.##..
#{# ###..#(. ##.


#oZZ# #..##.. .. ?..o.o. ........ ........## #.... ... ...##...# ##.#. .. #....
# #...# #.... You could see 2 orcs, a giant frog zombie and a jackal skeleton.

Vanquished Creatures
  An ogre (D:5)
  3 adders
  A worm (D:2)
  A dart slug (D:3)
  3 goblins
  2 hobgoblins
  A quokka (D:5)
  3 bats
  A rat (D:3)
16 creatures vanquished.

Notes
Turn   | Place    | Note
--------------------------------------------------------------
     0 | D:1      | 4thArraOfDagon the Hill Orc Berserker began the quest for the Orb.
     0 | D:1      | Reached XP level 1. HP: 19/19 MP: 1/1
   121 | D:2      | Reached XP level 2. HP: 17/27 MP: 2/2
   171 | D:3      | Reached skill level 5 in Axes
   171 | D:3      | Reached XP level 3. HP: 21/33 MP: 3/3
   227 | D:5      | Entered Level 5 of the Dungeon
   268 | D:5      | Found a shimmering altar of Xom.
   272 | D:5      | Noticed an ogre
   277 | D:5      | Killed an ogre
   277 | D:5      | Reached skill level 6 in Axes
   277 | D:5      | Reached XP level 4. HP: 41/41 MP: 4/4
   277 | D:5      | Reached XP level 5. HP: 47/47 MP: 5/5
   292 | D:5      | Gained mutation: You have sharp toenails. [potion of mutation]
   292 | D:5      | Gained mutation: Your flesh is heat resistant. [potion of mutation]
   292 | D:5      | Gained mutation: You are frail (-10% HP). [potion of mutation]
   310 | D:5      | Slain by an orc wizard

Vault maps used:
D:1:      lightli_molten_gateway, evilmike_ruin_ashenzari
D:2:      lemuel_zombie_altar_kikubaaqudgha, st_stairs_1, uniq_natasha,
          uniq_iyjb, uniq_jessica
D:4:      minmay_goblin_kobold_castle, first_bread, uniq_eustachio, uniq_edmund
D:5:      nicolae_overflow_hidden_temple, basic_altar, gup_sewer_entry_bubbles,
          grunt_ministairs_14

Skill      XL: |  1  2  3 |
---------------+----------+-----
Fighting       | 4 |  4.5
Axes           | 5 6 |  6.1
Armour         | 3 |  3.1
Dodging        | |  1.5

Action                   |  1- 3 |  4- 6 || total
-------------------------+-------+-------++-------
Melee: Hand axe          |    57 |    27 ||    84
Invok: Berserk           |     3 |       ||     3
  Use: Potion            |       |     3 ||     3
